 Dungeon Crawl Stone Soup version 0.29.0-7-g18a832c13a (webtiles) character file.

Game seed: 11296171780849758646

102 xian the Shooter (level 4, -6/26 HPs)
             Began as a Deep Elf Hunter on Sept 1, 2022.
             Killed by divine providence
             ... invoked by an orc priest
              (13 damage)
             ... on level 4 of the Dungeon.
             The game lasted 00:04:21 (2867 turns).

xian the Shooter (Deep Elf Hunter)                  Turns: 2867, Time: 00:04:21

Health: -6/26      AC:  4    Str: 10    XL:     4   Next: 49%
Magic:  6/6        EV: 12    Int: 14    God:
Gold:   183        SH:  0    Dex: 18    Spells: 3/3 levels left

rFire   . . .      SeeInvis +   a - +0 shortbow
rCold   + . .      Faith    .   (shield currently unavailable)
rNeg    . . .      Spirit   .   c - +0 leather armour
rPois   .          Reflect  .   h - +0 helmet
rElec   .          Harm     .   (no cloak)
rCorr   .          Rampage  .   (no gloves)
Will    .....                   (no boots)
Stlth   ++........              (no amulet)
HPRegen 0.08/turn               l - ring "Nonuiz" {rC+ SInv}
MPRegen 0.10/turn               (no ring)

@: no status effects
A: no striking features
a: no special abilities


You were on level 4 of the Dungeon.
You visited 1 branch of the dungeon, and saw 4 of its levels.

You collected 183 gold pieces.

Inventory:

Hand Weapons
 a - a +0 shortbow (weapon)
 j - a +0 short sword
Armour
 c - a +0 leather armour (worn)
 h - a +0 helmet (worn)
Jewellery
 l - the ring "Nonuiz" (left hand) {rC+ SInv}
   (You found it on level 2 of the Dungeon)

   [ring of see invisible]

   rC:        It protects you from cold.
   SInv:      It lets you see invisible.
Wands
 m - a wand of paralysis (9)
Scrolls
 b - 2 scrolls of immolation
 f - a scroll of blinking {unknown}
 k - a scroll of teleportation
 o - a scroll of fear {unknown}
Potions
 d - a potion of degeneration {unknown}
 e - 2 potions of haste {unknown}
 g - 2 potions of might {unknown}
 i - a potion of mutation {unknown}
 n - 2 potions of curing {unknown}
 p - a potion of flight {unknown}


   Skills:
 + Level 1.9 Fighting
 + Level 7.4 Ranged Weapons
 + Level 0.7 Armour
 + Level 2.5 Dodging
 + Level 1.2 Stealth


You had 3 spell levels left.
You didn't know any spells.
Your spell library contained the following spells:

 Spells                   Type           Power      Damage    Failure   Level
 Blink                    Tloc           0%         N/A       52%         2
 Airstrike                Air            0%         2d(0-16)  98%         4
 Summon Lightning Spire   Summ/Air       0%         N/A       98%         4
 Lightning Bolt           Conj/Air       0%         1d11      100%        5
 Manifold Assault         Tloc           0%         N/A       100%        5
 Storm Form               Tmut/Air       0%         N/A       100%        7


Dungeon Overview and Level Annotations

Branches:
Dungeon (4/15)
 Temple: D:4-7

Altars:
Zin


Message History

You see here a hobgoblin corpse.
You now have 183 gold pieces (gained 11).
An orc comes into view. It is wielding a +0 dagger.
You shoot an arrow. The arrow hits the orc!
You kill the orc!
You hear a shout! x3
An orc comes into view. It is wielding a +0 flail.
You hear a shout!
You shoot an arrow. The arrow completely misses the orc.
An orc wizard comes into view. It is wielding a +0 dagger.
You shoot an arrow. The arrow hits the orc!
You kill the orc!
You shoot an arrow.
The arrow completely misses the orc wizard.
You shoot an arrow. The arrow barely misses the orc wizard.
An orc priest comes into view. It is wielding a +0 flail.
You shoot an arrow. The arrow hits the orc priest.
The orc priest is lightly wounded.
The orc priest invokes the aid of Beogh against you.
Beogh smites you!
An orc comes into view. It is wielding a +0 club.
You shoot an arrow. The arrow hits the orc wizard.
The orc wizard is heavily wounded.
You shoot an arrow.
The arrow closely misses the orc wizard.
The orc wizard barely misses you.
You shoot an arrow.
The arrow closely misses the orc wizard.
The orc wizard closely misses you.
You shoot an arrow.
The arrow closely misses the orc wizard.
The arrow hits the orc priest!
The orc priest is severely wounded.
The orc wizard gestures at you while chanting.
The puff of flame hits you!
* * * LOW HITPOINT WARNING * * *
The orc priest invokes the aid of Beogh against you.
Beogh smites you!
Ouch! That really hurt!
You die...

#...........#
#.##...###.##
#.##...#
#.##..##
#.##..#
#.##..#
#.##..#
#.##... #@#
#o#


#oo ###. .. ). ).. .## You could see an orc priest, an orc wizard and an orc.

Vanquished Creatures
  3 adders
  A river rat (D:3)
  A worm (D:2)
  A dart slug (D:3)
  2 orcs (D:4)
  9 ball pythons
  4 endoplasms
  4 giant cockroaches
  3 goblins
  7 hobgoblins
  3 jackals (D:2)
  A quokka (D:2)
  A bat (D:1)
  8 frilled lizards
  2 kobolds
  8 rats
58 creatures vanquished.

Notes
Turn   | Place    | Note
-------+----------+-------------------------------------------
     0 | D:1      | xian the Deep Elf Hunter began the quest for the Orb.
     0 | D:1      | Reached XP level 1. HP: 12/12 MP: 3/3
   150 | D:1      | Reached XP level 2. HP: 16/16 MP: 4/4
   400 | D:1      | Reached skill level 6 in Ranged Weapons
   847 | D:2      | Reached XP level 3. HP: 21/21 MP: 5/5
  1010 | D:2      | Identified the ring "Nonuiz" {rC+ SInv}
  1917 | D:3      | Reached skill level 7 in Ranged Weapons
  1917 | D:3      | Reached XP level 4. HP: 26/26 MP: 6/6
  2011 | D:3      | Found a faded altar of an unknown god.
  2255 | D:3      | Found a glowing silver altar of Zin.
  2867 | D:4      | Killed from afar by an orc priest

Illustrated notes

Levels and vault maps discovered:
D:1:      scummos_arrival_checkerplants, layout_basic
D:2:      layout_loops_ring, serial_aquarium, aquarium_bridge_square
          [aquarium_subvault_bridge, aquarium_subvault_bridge,
          aquarium_subvault_wall, aquarium_subvault_bridge],
          aquarium_bridge_straight [aquarium_subvault_bridge,
          aquarium_subvault_wall, aquarium_subvault_bridge,
          aquarium_subvault_window], aquarium_window_double,
          aquarium_window_fake, aquarium_window_corridor_1,
          aquarium_window_fake, aquarium_view_2d, chequers_serial_rivers_room_a,
          wad_floor_pattern_untrapped, amcnicky_mini_corridor_feature,
          kennysheep_potato
D:3:      layout_loops_cross, mainiacjoe_overflow_alcove_2,
          portal_sewer_entry_e, ebering_ecumenical_altar_box,
          kennysheep_generic_room_12
D:4:      minmay_spotlight, layout_loops_ring, nicolae_ru_the_path_less_chosen,
          minmay_temple_entry_tees, ebering_ghost_reflecting_pool

Skill      XL: |  1  2  3 |
---------------+----------+-----
Ranged Weapons | 6 7 |  7.4
Fighting       | |  1.9
Armour         | |  0.7
Dodging        | |  2.5
Stealth        | |  1.2

Action                   |  1- 3 |  4- 6 || total
-------------------------+-------+-------++-------
 Fire: Shortbow          |    81 |    69 ||   150
  Use: Scroll            |     2 |       ||     2
Armor: Leather armour    |     4 |    11 ||    15
Dodge: Dodged            |    13 |    28 ||    41
